 Dungeon Crawl Stone Soup version 0.18.1-47-g9310371 (webtiles) character file.

12 rftp080 the Magician (level 2, 0/20 HPs)
             Began as a Ghoul Wizard on June 20, 2016.
             Slain by a bat (1 damage)
             ... on level 1 of the Dungeon.
             The game lasted 00:01:14 (267 turns).

rftp080 the Magician (Ghoul Wizard)                  Turns: 267, Time: 00:01:15

Health: 0/20       AC:  2    Str: 10    XL:     2   Next: 33%
Magic:  4/4        EV: 11    Int: 13    God:
Gold:   5          SH:  0    Dex:  7    Spells: 3 memorised, 1 level left

rFire  . . .     SeeInvis .       - Unarmed
rCold  + . .     Gourm    .     a - +0 robe
rNeg   + + +     Faith    .     (no shield)
rPois  ∞         Spirit   .     b - +0 hat
rElec  .         Dismiss  .     (no cloak)
rCorr  .         Reflect  .     (no gloves)
SustAt .         Harm     .     (no boots)
MR     .....                    (no amulet)
Stlth  ++........               (no ring)
                                (no ring)

@: rotting, repel missiles, not resistant to hostile enchantments, unstealthy
A: rotting body, claws 1, carnivore 3, cold resistance 1, negative energy
resistance 3, slow regeneration 1, torment resistance, unbreathing
a: no special abilities


You were on level 1 of the Dungeon.
You were not hungry.

You visited 1 branch of the dungeon, and saw 1 of its levels.

You collected 5 gold pieces.

Inventory:

Armour
 a - a +0 robe (worn)
 b - a +0 hat (worn)
Scrolls
 h - a scroll of magic mapping {unknown}
 i - a scroll of blinking {unknown}
Potions
 e - a potion of curing {unknown}
Books
 c - a book of Minor Magic

   Spells                             Type                      Level
   a - Magic Dart                     Conjuration                  1
   b - Blink                          Translocation                2
   c - Call Imp                       Summoning                    2
   d - Repel Missiles                 Charms/Air                   2
   e - Slow                           Hexes                        2
   f - Conjure Flame                  Conjuration/Fire             3
   g - Mephitic Cloud                 Conjuration/Poison/Air       3
Comestibles
 d - a meat ration
 f - a chunk of flesh
 g - a beef jerky


   Skills:
 - Level 1.7 Dodging
 - Level 2.1 Stealth
 * Level 2.1 Unarmed Combat
 - Level 2.6 Spellcasting
 - Level 0.7 Conjurations
   Level 0.8 Summonings
 - Level 0.8 Translocations


You had one spell level left.
You knew the following spells:

 Your Spells              Type           Power        Failure   Level  Hunger
a - Magic Dart            Conj           #...         21%         1    #......
b - Blink                 Tloc           N/A          24%         2    ###....
c - Repel Missiles        Chrm/Air       #.....       38%         2    ###....


Dungeon Overview and Level Annotations

Branches:
Dungeon (1/15)

Altars:


Innate Abilities, Weirdness & Mutations

Your body is rotting away.
You thrive on raw meat.
You are immune to poison.
You have sharp fingernails.
You are carnivorous and can eat meat at any time.
Your flesh is cold resistant.
You are immune to negative energy.
You regenerate slowly when monsters are visible.
You are immune to unholy pain and torment.
You can survive without breathing.


Message History

The ooze is severely wounded.
The bat hits you. The ooze closely misses you.
You scratch the ooze.
The ooze is almost dead.
The ooze hits you.
You completely miss the ooze.
The ooze is severely wounded.
The bat barely misses you. The bat hits you but does no damage.
The ooze hits you.
You scratch the ooze.
The ooze is almost dead.
The bat hits you. The ooze hits you.
* * * LOW HITPOINT WARNING * * *
You are too injured to fight recklessly!
The bat barely misses you. The ooze hits you.
* * * LOW HITPOINT WARNING * * *
The bat hits you.
* * * LOW HITPOINT WARNING * * *
The bat hits you.
You die...

...#.....# ...#.....#
...#...).########.#
...................
.....######.########
..............(#...
.....######.#..#.###
.....+.............#
.....######.##.#@#.# #
..........#.##.#b#.#.###.#
####.####.#[...#.J.......#
...)..# ....######.#.#####
..(...#..... ......
......#.... .......#
#............ ........#
#.........##. #..%.....#
#.........# .........#


You could see an ooze and a bat.

Vanquished Creatures
  An ooze (D:1)
  A dart slug (D:1)
  A giant gecko (D:1)
  A bat (D:1)
  A kobold (D:1)
  A rat (D:1)
6 creatures vanquished.

Notes
Turn   | Place    | Note
--------------------------------------------------------------
     0 | D:1      | rftp080 the Ghoul Wizard began the quest for the Orb.
     0 | D:1      | Reached XP level 1. HP: 14/14 MP: 3/3
    72 | D:1      | Reached skill level 1 in Unarmed Combat
   148 | D:1      | Reached XP level 2. HP: 14/20 MP: 0/4
   152 | D:1      | Learned a level 2 spell: Blink
   155 | D:1      | Learned a level 2 spell: Repel Missiles
   266 | D:1      | HP: 1/20 [bat (1)]
   267 | D:1      | Slain by a bat

Skill      XL: |  1  2 |
---------------+-------+-----
Unarmed Combat | 1 2 |  2.1
Dodging        | |  1.7
Stealth        | |  2.1
Spellcasting   | |  2.6
Conjurations   | |  0.7
Summonings     | |  0.8
Translocations | |  0.8

Action                   || total
-------------------------++-------
Melee: Unarmed           ||    26
 Cast: Magic Dart        ||     9
       Repel Missiles    ||     1
 Stab: Sleeping          ||     1
  Eat: Chunk             ||     1
Armor: Robe              ||     7
Dodge: Dodged            ||    16
